WCHLSIM.com - West Coast Hockey League
html PUBLIC "-//W3C//DTD XHTML 1.0 Transitional//EN" "http://www.w3.org/TR/xhtml1/DTD/xhtml1-transitional.dtd"> WCHL - Game 652 - SAN FRANCISCO SPIDERS vs BOISE CARIBOUS

SAN FRANCISCO SPIDERS vs BOISE CARIBOUS

Created - 15 janvier 2020 at 18:07

Goals
1 2 3 OT1 T
SAN FRANCISCO SPIDERS 0 3 1 0 4
BOISE CARIBOUS 1 2 1 1 5
Shots
1 2 3 OT1 T
SAN FRANCISCO SPIDERS 4 12 6 1 23
BOISE CARIBOUS 9 8 10 1 28

1st period

1. BOISE CARIBOUS , Thomas Vanek 8 (Kyle Turris 14) at 6:50 (PP)

Penalties :
David Sklenicka (SAF) for Holding (Minor) at 6:42

2nd period

2. BOISE CARIBOUS , Will Butcher 5 (Darren Helm 8, T.J. Tynan 1) at 0:32
3. SAN FRANCISCO SPIDERS , Andrei Svechnikov 12 (Tomas Plekanec 2) at 7:45
4. BOISE CARIBOUS , Mike Reilly 2 (Darren Helm 9, T.J. Tynan 2) at 14:31
5. SAN FRANCISCO SPIDERS , Andrei Svechnikov 13 (Gabriel Bourque 5) at 17:28
6. SAN FRANCISCO SPIDERS , Gabriel Bourque 5 (Andrei Svechnikov 11) at 18:47

Penalties :
No Penalty

3rd period

7. SAN FRANCISCO SPIDERS , Ryan Getzlaf 8 (Josh Leivo 12) at 7:32
8. BOISE CARIBOUS , Darren Helm 3 (Will Butcher 7, Greg Pateryn 7) at 8:44

Penalties :
Matt Hendricks (SAF) for Hooking (Minor) at 14:17, Seth Helgeson (SAF) for Hooking (Minor) at 17:48

Overtime #1

9. BOISE CARIBOUS , Kyle Turris 5 (Greg Pateryn 8, Andrew Hammond) at 2:35

Penalties :
No Penalty

Goalie Stats

Atte Tolvanen (SAF), 23 saves from 28 shots - (0,821), OTL, 0-0-1, 62:36 minutes
Andrew Hammond (BOI), 19 saves from 23 shots - (0,826), W, 2-6-1, 62:36 minutes

Players Stats for SAN FRANCISCO SPIDERS

Player Name              G  A  P  +/- PIM S  H  SB GA TA FO     MP     PP MP  PK MP  
------------------------------------------------------------------------------------
Alexander Kerfoot        0  0  0  -1  0   1  0  0  0  0  0/0    12:29   0:00   0:48 
Andrei Svechnikov        2  1  3   2  0   3  1  0  0  0  0/2    16:38   0:00   0:00 
Calle Jarnkrok           0  0  0  -1  0   1  0  1  0  0  1/2    15:21   0:00   2:46 
Danton Heinen            0  0  0   0  0   7  0  0  0  0  3/17   18:36   0:00   1:00 
David Sklenicka          0  0  0   1  2   0  1  0  0  0  0/0    20:45   0:00   2:02 
Dominik Simon            0  0  0   0  0   0  0  0  0  0  0/0    17:33   0:00   0:00 
Gabriel Bourque          1  1  2   2  0   6  2  1  0  0  0/2    17:10   0:00   0:32 
Josh Leivo               0  1  1   0  0   0  0  0  0  0  0/0    11:30   0:00   0:00 
Mark Alt                 0  0  0   1  0   0  2  0  0  0  0/0    18:25   0:00   0:28 
Matt Hendricks           0  0  0  -1  2   0  4  1  0  0  4/8    10:56   0:00   0:00 
Niko Mikkola             0  0  0   0  0   0  0  0  0  0  0/0    21:44   0:00   2:35 
Ryan Getzlaf             1  0  1  -1  0   3  0  2  0  0  14/20  26:20   0:00   3:06 
Sean Walker              0  0  0  -1  0   1  0  0  0  0  0/0    21:32   0:00   0:55 
Seth Helgeson            0  0  0   0  2   0  1  0  0  0  0/0    22:28   0:00   1:20 
Taylor Leier             0  0  0  -1  0   1  0  0  0  0  0/0    17:54   0:00   0:00 
Tomas Plekanec           0  1  1   2  0   0  0  0  0  0  8/15   16:38   0:00   0:00 
Tyler Myers              0  0  0   0  0   0  0  0  0  0  0/0     0:00   0:00   0:00 
Tyler Wotherspoon        0  0  0   0  0   0  2  0  0  0  0/0    17:40   0:00   0:52 

Players Stats for BOISE CARIBOUS

Player Name              G  A  P  +/- PIM S  H  SB GA TA FO     MP     PP MP  PK MP  
------------------------------------------------------------------------------------
Andre Burakovsky         0  0  0  -1  0   0  1  0  0  0  0/1    16:11   1:40   0:00 
Brian Boyle              0  0  0  -1  0   2  0  1  0  0  2/2    17:10   1:58   0:00 
Darren Helm              1  2  3   3  0   3  0  0  0  0  0/0    12:46   0:00   0:00 
Greg Pateryn             0  2  2   3  0   1  0  0  0  0  0/0    18:33   0:18   0:00 
Jarred Tinordi           0  0  0  -1  0   0  5  1  0  0  0/0    19:49   1:13   0:00 
Jesperi Kotkaniemi       0  0  0   0  0   4  0  0  0  0  9/16   16:37   1:58   0:00 
Kyle Turris              1  1  2  -1  0   4  0  0  0  0  11/19  17:10   2:08   0:00 
Lawson Crouse            0  0  0  -2  0   3  2  0  0  0  0/0    16:04   1:34   0:00 
Mario Kempe              0  0  0  -1  0   0  0  0  0  0  1/1    14:25   0:18   0:00 
Melker Karlsson          0  0  0  -2  0   1  0  0  0  0  1/1    14:30   0:00   0:00 
Mike Reilly              1  0  1  -1  0   1  0  0  0  0  0/0    19:35   0:00   0:00 
Nick Leddy               0  0  0  -2  0   0  1  0  0  0  0/0    19:35   0:00   0:00 
Radek Faksa              0  0  0  -1  0   4  0  1  0  0  7/14   15:30   0:00   0:00 
Ryan Lohin               0  0  0   3  0   0  1  0  0  0  1/2    15:00   2:14   0:00 
T.J. Tynan               0  2  2   3  0   1  0  0  0  0  4/10   15:59   2:08   0:00 
Thomas Vanek             1  0  1  -1  0   3  0  0  0  0  0/0    17:38   2:08   0:00 
Will Butcher             1  1  2   2  0   1  0  0  0  0  0/0    21:41   2:53   0:00 
Zach Redmond             0  0  0  -2  0   0  4  0  0  0  0/0    19:35   0:00   0:00 

3 Stars

1 - Andrei Svechnikov (SAF)
2 - Darren Helm (BOI)
3 - Gabriel Bourque (SAF)

Power Play

SAN FRANCISCO SPIDERS - 0 on 0 Attempt(s) - 0,00%
BOISE CARIBOUS - 1 on 3 Attempt(s) - 33,33%

Penalty Kill

SAN FRANCISCO SPIDERS - 2 on 3 Attempt(s) - 66,67% - Score 0 goal in Penalty Kill
BOISE CARIBOUS - 0 on 0 Attempt(s) - 0,00% - Score 0 goal in Penalty Kill

Team Stat

SAN FRANCISCO SPIDERS - Hits : 13 - Faceoff Wins : 30 - Blocked Shots : 5 - Penalty Minutes : 6
BOISE CARIBOUS - Hits : 14 - Faceoff Wins : 36 - Blocked Shots : 3 - Penalty Minutes : 0

Official

Referees : Chris Schlenker and Peter Tarnaris
Linesman : Chad Roethlisberger and Andy McElman

Game Notes

No Game Note

Finance

Level 1 -- Attendance: 6000 (100,00%) -- Ticket Income 750 000 $
Level 2 -- Attendance: 5000 (100,00%) -- Ticket Income 350 000 $
Level 3 -- Attendance: 2000 (100,00%) -- Ticket Income 100 000 $
Level 4 -- Attendance: 3499 (87,48%) -- Ticket Income 146 958 $
Luxury Box -- Attendance: 1000 (100,00%) -- Ticket Income 250 000 $
Total Attendance: 17499 (97,22%)
Total Ticket Income: 1 596 958 $
Other Income: 479 087 $
Total Income: 2 076 045 $

SAN FRANCISCO SPIDERS

5 vs 5 Forward 
   Center                   Left Wing                Right Wing               Time % Phy DF OF 
 1 Ryan Getzlaf             Calle Jarnkrok           Josh Leivo               25     1   4  0  
 2 Danton Heinen            Taylor Leier             Dominik Simon            25     1   4  0  
 3 Tomas Plekanec           Gabriel Bourque          Andrei Svechnikov        25     1   2  2  
 4 Matt Hendricks           Alexander Kerfoot        Ryan Getzlaf             25     1   4  0  

5 vs 5 Defense 
   Defense                  Defense                                           Time % Phy DF OF 
 1 Seth Helgeson            Niko Mikkola                                      30     1   4  0  
 2 Sean Walker              Tyler Wotherspoon                                 30     1   4  0  
 3 Mark Alt                 David Sklenicka                                   30     1   4  0  
 4 Seth Helgeson            Sean Walker                                       10     1   4  0  

PowerPlay Forward 
   Center                   Left Wing                Right Wing               Time % Phy DF OF 
 1 Tomas Plekanec           Calle Jarnkrok           Gabriel Bourque          55     1   4  0  
 2 Matt Hendricks           Alexander Kerfoot        Dominik Simon            45     1   4  0  

PowerPlay Defense
   Defense                  Defense                                           Time % Phy DF OF 
 1 David Sklenicka          Seth Helgeson                                     55     1   4  0  
 2 Sean Walker              Tyler Wotherspoon                                 45     1   4  0  

Penalty Kill 4 Players Forward 
   Center                   Wing                     Time % Phy DF OF 
 1 Ryan Getzlaf             Calle Jarnkrok           55     1   4  0  
 2 Gabriel Bourque          Danton Heinen            45     1   4  0  

Penalty Kill 4 Players Defense
   Defense                  Defense                  Time % Phy DF OF 
 1 Niko Mikkola             Seth Helgeson            55     1   4  0  
 2 Sean Walker              Tyler Wotherspoon        45     1   4  0  

Penalty Kill - 3 Players Forward 
   Forward                                           Time % Phy DF OF 
 1 Ryan Getzlaf                                      55     1   4  0  
 2 Calle Jarnkrok                                    45     1   4  0  

Penalty Kill - 3 Players Defense
   Defense                  Defense                  Time % Phy DF OF 
 1 Seth Helgeson            Niko Mikkola             55     1   4  0  
 2 Sean Walker              Tyler Wotherspoon        45     1   4  0  

4 vs 4 Forward 
   Center                   Wing                     Time % Phy DF OF 
 1 Alexander Kerfoot        Calle Jarnkrok           55     1   4  0  
 2 Ryan Getzlaf             Gabriel Bourque          45     1   4  0  

4 vs 4 Defense
   Defense                  Defense                  Time % Phy DF OF 
 1 Seth Helgeson            David Sklenicka          55     1   4  0  
 2 Sean Walker              Tyler Wotherspoon        45     1   4  0  

Last Minutes Offensive
   Center                   Left Wing                Right Wing               Defense                  Defense                  
   Matt Hendricks           Taylor Leier             Gabriel Bourque          Mark Alt                 Niko Mikkola             

Last Minutes Defensive
   Center                   Left Wing                Right Wing               Defense                  Defense                  
   Alexander Kerfoot        Ryan Getzlaf             Dominik Simon            Mark Alt                 Niko Mikkola             

Goaltenders
Starting : Atte Tolvanen            
Backup : Antti Niemi              

Extra Forwards
Normal : Calle Jarnkrok, Josh Leivo, Gabriel Bourque - PP : Taylor Leier, Josh Leivo - PK : Gabriel Bourque
Extra Defensemen
Normal : Seth Helgeson, David Sklenicka, Sean Walker - PP : Seth Helgeson - PK : David Sklenicka, Sean Walker
Penalty Shots
Ryan Getzlaf, Calle Jarnkrok, Gabriel Bourque, Danton Heinen, Alexander Kerfoot
Custom OT Lines Forwards
Taylor Leier, Calle Jarnkrok, Ryan Getzlaf, Danton Heinen, Alexander Kerfoot, Dominik Simon, Josh Leivo, Gabriel Bourque, Tomas Plekanec, Matt Hendricks
Custom OT Lines Defensemen
Niko Mikkola, David Sklenicka, Sean Walker, Tyler Wotherspoon, Seth Helgeson

Scratches
Karl Alzner (Healthy), Andrew O'Brien (Healthy), Stefan LeBlanc (Healthy), David Schlemko (Separated Right Shoulder Injury), Jake Horton (Healthy)
Jake Lucchini (Healthy), Jesse Graham (Healthy), Nico Sturm (Sprained Left Finger Injury), Samuel Kurker (Healthy), Ryan McGregor (Healthy)
Sven Andrighetto (Fractured Metatarsal (Right Foot) Injury), Zach Frye (Healthy), Jimmy Howard (Healthy), Eddie Lack (Healthy)

BOISE CARIBOUS

5 vs 5 Forward 
   Center                   Left Wing                Right Wing               Time % Phy DF OF 
 1 Radek Faksa              Thomas Vanek             Andre Burakovsky         26     0   5  0  
 2 Jesperi Kotkaniemi       Brian Boyle              Mario Kempe              25     0   5  0  
 3 Kyle Turris              Lawson Crouse            Melker Karlsson          25     3   2  0  
 4 T.J. Tynan               Darren Helm              Ryan Lohin               24     5   0  0  

5 vs 5 Defense 
   Defense                  Defense                                           Time % Phy DF OF 
 1 Nick Leddy               Zach Redmond                                      34     1   2  2  
 2 Will Butcher             Greg Pateryn                                      33     1   2  2  
 3 Jarred Tinordi           Mike Reilly                                       26     1   3  1  
 4 Jarred Tinordi           Mike Reilly                                       7      0   5  0  

PowerPlay Forward 
   Center                   Left Wing                Right Wing               Time % Phy DF OF 
 1 Kyle Turris              Thomas Vanek             T.J. Tynan               55     0   2  3  
 2 Jesperi Kotkaniemi       Brian Boyle              Andre Burakovsky         45     1   2  2  

PowerPlay Defense
   Defense                  Defense                                           Time % Phy DF OF 
 1 Will Butcher             Ryan Lohin                                        55     1   1  3  
 2 Lawson Crouse            Will Butcher                                      45     1   2  2  

Penalty Kill 4 Players Forward 
   Center                   Wing                     Time % Phy DF OF 
 1 Radek Faksa              Darren Helm              60     1   3  1  
 2 Jesperi Kotkaniemi       Melker Karlsson          40     1   3  1  

Penalty Kill 4 Players Defense
   Defense                  Defense                  Time % Phy DF OF 
 1 Nick Leddy               Greg Pateryn             51     1   3  1  
 2 Zach Redmond             Jarred Tinordi           49     1   4  0  

Penalty Kill - 3 Players Forward 
   Forward                                           Time % Phy DF OF 
 1 Darren Helm                                       55     1   4  0  
 2 Mario Kempe                                       45     1   4  0  

Penalty Kill - 3 Players Defense
   Defense                  Defense                  Time % Phy DF OF 
 1 Jarred Tinordi           Mike Reilly              55     1   4  0  
 2 Greg Pateryn             Zach Redmond             45     2   3  0  

4 vs 4 Forward 
   Center                   Wing                     Time % Phy DF OF 
 1 Kyle Turris              T.J. Tynan               55     1   2  2  
 2 Radek Faksa              Thomas Vanek             45     1   2  2  

4 vs 4 Defense
   Defense                  Defense                  Time % Phy DF OF 
 1 Mike Reilly              Zach Redmond             55     1   2  2  
 2 Will Butcher             Greg Pateryn             45     1   2  2  

Last Minutes Offensive
   Center                   Left Wing                Right Wing               Defense                  Defense                  
   Kyle Turris              Thomas Vanek             T.J. Tynan               Will Butcher             Nick Leddy               

Last Minutes Defensive
   Center                   Left Wing                Right Wing               Defense                  Defense                  
   Radek Faksa              Darren Helm              Melker Karlsson          Jarred Tinordi           Greg Pateryn             

Goaltenders
Starting : Andrew Hammond           
Backup : Casey DeSmith            

Extra Forwards
Normal : Ryan Lohin, Melker Karlsson, Lawson Crouse - PP : Kyle Turris, Lawson Crouse - PK : Melker Karlsson
Extra Defensemen
Normal : Zach Redmond, Jarred Tinordi, Will Butcher - PP : Jarred Tinordi - PK : Nick Leddy, Jarred Tinordi
Penalty Shots
Thomas Vanek, Jesperi Kotkaniemi, Radek Faksa, Brian Boyle, Kyle Turris
Custom OT Lines Forwards
T.J. Tynan, Brian Boyle, Radek Faksa, Thomas Vanek, Kyle Turris, Jesperi Kotkaniemi, Ryan Lohin, Darren Helm, Melker Karlsson, Lawson Crouse
Custom OT Lines Defensemen
Will Butcher, Mike Reilly, Greg Pateryn, Nick Leddy, Zach Redmond

Scratches
Tom Wilson (Left Wrist Injury), Brendan Smith (Right Ankle Injury), Connor Brown (Healthy), Macoy Erkamps (Healthy), Seth Griffith (Healthy)
Michal Neuvirth (Healthy), Joel Hofer (Healthy), Alex Stalock (Healthy)

% Time on Ice - SAN FRANCISCO SPIDERS

Lines # - Real PCT - Wanted PCT - Time Play
Normal Forward
1 - 21% - 25% - 11:30
2 - 30% - 25% - 16:49
3 - 30% - 25% - 16:38
4 - 20% - 25% - 10:57
Normal Defense
1 - 32% - 30% - 18:04
2 - 30% - 30% - 16:48
3 - 32% - 30% - 17:57
4 - 6% - 10% - 3:05
PP Forward
1 - 0% - 55%
2 - 0% - 45%
PP Defense
1 - 0% - 55%
2 - 0% - 45%
PK Forward
1 - 76% - 55% - 3:06
2 - 24% - 45% - 1:00
PK Defense
1 - 70% - 55% - 2:51
2 - 30% - 45% - 1:15
PK3 Forward
1 - 0% - 55%
2 - 0% - 45%
PK3 Defense
1 - 0% - 55%
2 - 0% - 45%
44 Forward
1 - 0% - 55%
2 - 0% - 45%
44 Defense
1 - 0% - 55%
2 - 0% - 45%
Last Minute Offensive  - 0:00
Last Minute Defensive  - 0:00
Total
Forward - 60:00
Defense - 60:00

% Time on Ice - BOISE CARIBOUS

Lines # - Real PCT - Wanted PCT - Time Play
Normal Forward
1 - 26% - 26% - 14:31
2 - 25% - 25% - 14:07
3 - 26% - 25% - 14:30
4 - 23% - 24% - 12:46
Normal Defense
1 - 35% - 34% - 19:35
2 - 32% - 33% - 17:43
3 - 27% - 26% - 14:49
4 - 7% - 7% - 3:47
PP Forward
1 - 52% - 55% - 2:08
2 - 48% - 45% - 1:58
PP Defense
1 - 62% - 55% - 2:32
2 - 38% - 45% - 1:34
PK Forward
1 - 0% - 60%
2 - 0% - 40%
PK Defense
1 - 0% - 51%
2 - 0% - 49%
PK3 Forward
1 - 0% - 55%
2 - 0% - 45%
PK3 Defense
1 - 0% - 55%
2 - 0% - 45%
44 Forward
1 - 0% - 55%
2 - 0% - 45%
44 Defense
1 - 0% - 55%
2 - 0% - 45%
Last Minute Offensive  - 0:00
Last Minute Defensive  - 0:00
Total
Forward - 60:00
Defense - 60:00

Play-by-Play

1st period


0:01 of 1st period - Radek Faksa wins face-off versus Ryan Getzlaf in neutral zone.
0:13 of 1st period - Shot by Radek Faksa.
0:13 of 1st period - Shot Blocked by Calle Jarnkrok.
1:21 of 1st period - Shot by Dominik Simon.
1:21 of 1st period - Shot Misses the Net.
1:45 of 1st period - Shot by Gabriel Bourque.
1:45 of 1st period - Stopped by Andrew Hammond without a rebound.
1:46 of 1st period - Kyle Turris wins face-off versus Matt Hendricks in BOISE CARIBOUS zone.
1:46 of 1st period - Kyle Turris is hit by Matt Hendricks.
3:11 of 1st period - Off-side.
3:12 of 1st period - Danton Heinen wins face-off versus Jesperi Kotkaniemi in neutral zone.
3:14 of 1st period - Off-side.
3:15 of 1st period - Jesperi Kotkaniemi wins face-off versus Ryan Getzlaf in neutral zone.
3:17 of 1st period - Brian Boyle is hit by Tyler Wotherspoon and loses puck.
3:35 of 1st period - Ryan Getzlaf is hit by Jarred Tinordi and loses puck.
4:28 of 1st period - Shot by Danton Heinen.
4:28 of 1st period - Shot Blocked by Jarred Tinordi.
4:30 of 1st period - Shot by Danton Heinen.
4:30 of 1st period - Stopped by Andrew Hammond with a rebound.
4:32 of 1st period - Shot by Dominik Simon.
4:32 of 1st period - Deflect By Danton Heinen.
4:32 of 1st period - Stopped by Andrew Hammond with a rebound.
4:34 of 1st period - Shot by Danton Heinen.
4:34 of 1st period - Stopped by Andrew Hammond with a rebound.
4:36 of 1st period - Shot by Dominik Simon.
4:36 of 1st period - Shot Misses the Net.
5:42 of 1st period - Icing by Ryan Getzlaf.
5:43 of 1st period - Kyle Turris wins face-off versus Matt Hendricks in SAN FRANCISCO SPIDERS zone.
5:48 of 1st period - Shot by Lawson Crouse.
5:48 of 1st period - Stopped by Atte Tolvanen without a rebound.
5:49 of 1st period - Melker Karlsson wins face-off versus Ryan Getzlaf in SAN FRANCISCO SPIDERS zone.
6:01 of 1st period - Off-side.
6:02 of 1st period - Matt Hendricks wins face-off versus Radek Faksa in neutral zone.
6:23 of 1st period - Shot by Thomas Vanek.
6:23 of 1st period - Stopped by Atte Tolvanen without a rebound.
6:24 of 1st period - Kyle Turris wins face-off versus Danton Heinen in SAN FRANCISCO SPIDERS zone.
6:42 of 1st period - Minor Penalty to David Sklenicka for Holding.
6:43 of 1st period - Kyle Turris wins face-off versus Ryan Getzlaf in SAN FRANCISCO SPIDERS zone.
6:50 of 1st period - Shot by Thomas Vanek.
6:50 of 1st period - Goal by Thomas Vanek - SAN FRANCISCO SPIDERS : 0 - BOISE CARIBOUS : 1.
6:51 of 1st period - Matt Hendricks wins face-off versus Radek Faksa in neutral zone.
7:24 of 1st period - Shot by Radek Faksa.
7:24 of 1st period - Stopped by Atte Tolvanen with a rebound.
7:26 of 1st period - Shot by Greg Pateryn.
7:26 of 1st period - Stopped by Atte Tolvanen without a rebound.
7:27 of 1st period - Tomas Plekanec wins face-off versus T.J. Tynan in SAN FRANCISCO SPIDERS zone.
7:27 of 1st period - Tomas Plekanec is hit by Ryan Lohin.
7:46 of 1st period - Darren Helm is hit by Mark Alt and loses puck.
7:55 of 1st period - Shot by T.J. Tynan.
7:55 of 1st period - Stopped by Atte Tolvanen without a rebound.
7:56 of 1st period - Ryan Getzlaf wins face-off versus Kyle Turris in SAN FRANCISCO SPIDERS zone.
8:41 of 1st period - Josh Leivo is hit by Nick Leddy and loses puck.
9:23 of 1st period - Danton Heinen is hit by Zach Redmond and loses puck.
9:38 of 1st period - Danton Heinen is hit by Zach Redmond and loses puck.
11:07 of 1st period - Shot by Brian Boyle.
11:07 of 1st period - Shot Blocked by Ryan Getzlaf.
11:15 of 1st period - Shot by Jesperi Kotkaniemi.
11:15 of 1st period - Shot Blocked by Matt Hendricks.
13:52 of 1st period - Icing by Niko Mikkola.
13:53 of 1st period - Brian Boyle wins face-off versus Danton Heinen in SAN FRANCISCO SPIDERS zone.
14:51 of 1st period - Off-side.
14:52 of 1st period - Kyle Turris wins face-off versus Tomas Plekanec in neutral zone.
15:17 of 1st period - Shot by Kyle Turris.
15:17 of 1st period - Stopped by Atte Tolvanen without a rebound.
15:18 of 1st period - Ryan Getzlaf wins face-off versus T.J. Tynan in SAN FRANCISCO SPIDERS zone.
15:36 of 1st period - Icing by Ryan Getzlaf.
15:37 of 1st period - Matt Hendricks wins face-off versus Kyle Turris in SAN FRANCISCO SPIDERS zone.
15:39 of 1st period - Icing by Alexander Kerfoot.
15:40 of 1st period - Ryan Getzlaf wins face-off versus Kyle Turris in SAN FRANCISCO SPIDERS zone.
16:26 of 1st period - Nick Leddy is hit by Matt Hendricks and loses puck.
16:55 of 1st period - Shot by Andrei Svechnikov.
16:55 of 1st period - Shot Misses the Net.
17:09 of 1st period - Shot by Andre Burakovsky.
17:09 of 1st period - Shot Misses the Net.
17:11 of 1st period - Shot by Radek Faksa.
17:11 of 1st period - Stopped by Atte Tolvanen without a rebound.
17:12 of 1st period - T.J. Tynan wins face-off versus Danton Heinen in SAN FRANCISCO SPIDERS zone.
17:57 of 1st period - Icing by Niko Mikkola.
17:58 of 1st period - Radek Faksa wins face-off versus Danton Heinen in SAN FRANCISCO SPIDERS zone.
18:11 of 1st period - Shot by Radek Faksa.
18:11 of 1st period - Deflect By Thomas Vanek.
18:11 of 1st period - Shot Misses the Net.
18:24 of 1st period - Icing by Dominik Simon.
18:25 of 1st period - Jesperi Kotkaniemi wins face-off versus Danton Heinen in SAN FRANCISCO SPIDERS zone.
19:31 of 1st period - Shot by Kyle Turris.
19:31 of 1st period - Stopped by Atte Tolvanen without a rebound.
19:32 of 1st period - Ryan Getzlaf wins face-off versus Radek Faksa in SAN FRANCISCO SPIDERS zone.
19:32 of 1st period - Josh Leivo is hit by Andre Burakovsky and loses puck.
Goals for this period are 0 for SAN FRANCISCO SPIDERS vs 1 for BOISE CARIBOUS.
Shots for this period are 4 for SAN FRANCISCO SPIDERS vs 9 for BOISE CARIBOUS.

2nd period


0:01 of 2nd period - Ryan Getzlaf wins face-off versus T.J. Tynan in neutral zone.
0:16 of 2nd period - Shot by Darren Helm.
0:16 of 2nd period - Shot Misses the Net.
0:32 of 2nd period - Shot by Will Butcher.
0:32 of 2nd period - Goal by Will Butcher - SAN FRANCISCO SPIDERS : 0 - BOISE CARIBOUS : 2.
0:33 of 2nd period - Tomas Plekanec wins face-off versus Kyle Turris in neutral zone.
1:51 of 2nd period - Icing by Mike Reilly.
1:52 of 2nd period - Radek Faksa wins face-off versus Danton Heinen in BOISE CARIBOUS zone.
2:25 of 2nd period - Shot by Danton Heinen.
2:25 of 2nd period - Deflect By Dominik Simon.
2:25 of 2nd period - Shot Misses the Net.
2:27 of 2nd period - Shot by Dominik Simon.
2:27 of 2nd period - Shot Misses the Net.
2:43 of 2nd period - Icing by Brian Boyle.
2:44 of 2nd period - Jesperi Kotkaniemi wins face-off versus Tomas Plekanec in BOISE CARIBOUS zone.
4:35 of 2nd period - Nick Leddy is hit by Seth Helgeson and loses puck.
5:55 of 2nd period - Shot by Andre Burakovsky.
5:55 of 2nd period - Shot Blocked by Gabriel Bourque.
6:01 of 2nd period - Greg Pateryn is hit by Andrei Svechnikov.
6:04 of 2nd period - Off-side.
6:05 of 2nd period - Jesperi Kotkaniemi wins face-off versus Danton Heinen in neutral zone.
6:10 of 2nd period - Shot by Jesperi Kotkaniemi.
6:10 of 2nd period - Stopped by Atte Tolvanen without a rebound.
6:11 of 2nd period - Jesperi Kotkaniemi wins face-off versus Ryan Getzlaf in SAN FRANCISCO SPIDERS zone.
6:20 of 2nd period - Shot by Jesperi Kotkaniemi.
6:20 of 2nd period - Stopped by Atte Tolvanen without a rebound.
6:21 of 2nd period - Kyle Turris wins face-off versus Danton Heinen in SAN FRANCISCO SPIDERS zone.
6:22 of 2nd period - Shot by Melker Karlsson.
6:22 of 2nd period - Stopped by Atte Tolvanen with a rebound.
6:49 of 2nd period - Danton Heinen is hit by Jarred Tinordi and loses puck.
6:53 of 2nd period - Dominik Simon is hit by Jarred Tinordi and loses puck.
7:19 of 2nd period - Ryan Getzlaf is hit by Lawson Crouse and loses puck.
7:40 of 2nd period - Shot by Josh Leivo.
7:40 of 2nd period - Shot Misses the Net.
7:43 of 2nd period - Icing by Nick Leddy.
7:44 of 2nd period - Tomas Plekanec wins face-off versus Radek Faksa in BOISE CARIBOUS zone.
7:45 of 2nd period - Shot by Andrei Svechnikov.
7:45 of 2nd period - Goal by Andrei Svechnikov - SAN FRANCISCO SPIDERS : 1 - BOISE CARIBOUS : 2.
7:46 of 2nd period - Tomas Plekanec wins face-off versus Ryan Lohin in neutral zone.
9:18 of 2nd period - Brian Boyle is hit by Matt Hendricks and loses puck.
9:58 of 2nd period - Icing by Sean Walker.
9:59 of 2nd period - Danton Heinen wins face-off versus Radek Faksa in SAN FRANCISCO SPIDERS zone.
10:38 of 2nd period - Icing by Gabriel Bourque.
10:39 of 2nd period - Kyle Turris wins face-off versus Tomas Plekanec in SAN FRANCISCO SPIDERS zone.
10:58 of 2nd period - Shot by Gabriel Bourque.
10:58 of 2nd period - Shot Misses the Net.
11:27 of 2nd period - Shot by Ryan Getzlaf.
11:27 of 2nd period - Stopped by Andrew Hammond with a rebound.
12:08 of 2nd period - Shot by Danton Heinen.
12:08 of 2nd period - Stopped by Andrew Hammond with a rebound.
12:29 of 2nd period - Shot by Danton Heinen.
12:29 of 2nd period - Stopped by Andrew Hammond with a rebound.
12:49 of 2nd period - Shot by Jesperi Kotkaniemi.
12:49 of 2nd period - Stopped by Atte Tolvanen without a rebound.
12:50 of 2nd period - Tomas Plekanec wins face-off versus Jesperi Kotkaniemi in SAN FRANCISCO SPIDERS zone.
13:05 of 2nd period - Shot by Brian Boyle.
13:05 of 2nd period - Shot Misses the Net.
13:07 of 2nd period - Shot by Jesperi Kotkaniemi.
13:07 of 2nd period - Shot Misses the Net.
13:11 of 2nd period - Shot by Brian Boyle.
13:11 of 2nd period - Shot Misses the Net.
13:13 of 2nd period - Shot by Brian Boyle.
13:13 of 2nd period - Stopped by Atte Tolvanen without a rebound.
13:14 of 2nd period - Radek Faksa wins face-off versus Matt Hendricks in SAN FRANCISCO SPIDERS zone.
14:09 of 2nd period - Shot by T.J. Tynan.
14:09 of 2nd period - Shot Blocked by Ryan Getzlaf.
14:18 of 2nd period - Darren Helm is hit by David Sklenicka and loses puck.
14:27 of 2nd period - Shot by T.J. Tynan.
14:27 of 2nd period - Shot Misses the Net.
14:29 of 2nd period - Shot by Darren Helm.
14:29 of 2nd period - Stopped by Atte Tolvanen with a rebound.
14:31 of 2nd period - Shot by Mike Reilly.
14:31 of 2nd period - Goal by Mike Reilly - SAN FRANCISCO SPIDERS : 1 - BOISE CARIBOUS : 3.
14:32 of 2nd period - Jesperi Kotkaniemi wins face-off versus Tomas Plekanec in neutral zone.
14:48 of 2nd period - Shot by Gabriel Bourque.
14:48 of 2nd period - Stopped by Andrew Hammond with a rebound.
14:58 of 2nd period - Shot by Andrei Svechnikov.
14:58 of 2nd period - Shot Misses the Net.
15:00 of 2nd period - Shot by Gabriel Bourque.
15:00 of 2nd period - Stopped by Andrew Hammond with a rebound.
15:02 of 2nd period - Shot by Andrei Svechnikov.
15:02 of 2nd period - Shot Misses the Net.
15:04 of 2nd period - Shot by Sean Walker.
15:04 of 2nd period - Stopped by Andrew Hammond without a rebound.
15:05 of 2nd period - T.J. Tynan wins face-off versus Danton Heinen in BOISE CARIBOUS zone.
15:36 of 2nd period - Shot by Danton Heinen.
15:36 of 2nd period - Stopped by Andrew Hammond with a rebound.
15:38 of 2nd period - Shot by Danton Heinen.
15:38 of 2nd period - Shot Misses the Net.
17:14 of 2nd period - Shot by Andrei Svechnikov.
17:14 of 2nd period - Shot Misses the Net.
17:16 of 2nd period - Shot by Andrei Svechnikov.
17:16 of 2nd period - Shot Blocked by Brian Boyle.
17:24 of 2nd period - Shot by Andrei Svechnikov.
17:24 of 2nd period - Shot Misses the Net.
17:26 of 2nd period - Shot by Gabriel Bourque.
17:26 of 2nd period - Stopped by Andrew Hammond with a rebound.
17:28 of 2nd period - Shot by Andrei Svechnikov.
17:28 of 2nd period - Goal by Andrei Svechnikov - SAN FRANCISCO SPIDERS : 2 - BOISE CARIBOUS : 3.
17:29 of 2nd period - Kyle Turris wins face-off versus Danton Heinen in neutral zone.
17:42 of 2nd period - Shot by Lawson Crouse.
17:42 of 2nd period - Shot Misses the Net.
17:45 of 2nd period - Icing by Danton Heinen.
17:46 of 2nd period - Radek Faksa wins face-off versus Danton Heinen in SAN FRANCISCO SPIDERS zone.
18:45 of 2nd period - Shot by Gabriel Bourque.
18:45 of 2nd period - Shot Misses the Net.
18:47 of 2nd period - Shot by Gabriel Bourque.
18:47 of 2nd period - Goal by Gabriel Bourque - SAN FRANCISCO SPIDERS : 3 - BOISE CARIBOUS : 3.
18:48 of 2nd period - Jesperi Kotkaniemi wins face-off versus Matt Hendricks in neutral zone.
18:48 of 2nd period - Jesperi Kotkaniemi is hit by Matt Hendricks.
19:00 of 2nd period - Shot by Ryan Getzlaf.
19:00 of 2nd period - Shot Misses the Net.
19:18 of 2nd period - Shot by Alexander Kerfoot.
19:18 of 2nd period - Shot Misses the Net.
19:20 of 2nd period - Shot by Matt Hendricks.
19:20 of 2nd period - Deflect By Alexander Kerfoot.
19:20 of 2nd period - Stopped by Andrew Hammond without a rebound.
19:21 of 2nd period - T.J. Tynan wins face-off versus Andrei Svechnikov in BOISE CARIBOUS zone.
Goals for this period are 3 for SAN FRANCISCO SPIDERS vs 2 for BOISE CARIBOUS.
Shots for this period are 12 for SAN FRANCISCO SPIDERS vs 8 for BOISE CARIBOUS.

3rd period


0:01 of 3rd period - Ryan Getzlaf wins face-off versus Radek Faksa in neutral zone.
0:30 of 3rd period - Shot by Radek Faksa.
0:30 of 3rd period - Stopped by Atte Tolvanen without a rebound.
0:31 of 3rd period - Brian Boyle wins face-off versus Tomas Plekanec in SAN FRANCISCO SPIDERS zone.
1:07 of 3rd period - Jesperi Kotkaniemi is hit by Mark Alt and loses puck.
1:42 of 3rd period - Off-side.
1:43 of 3rd period - Danton Heinen wins face-off versus T.J. Tynan in neutral zone.
2:06 of 3rd period - Shot by Danton Heinen.
2:06 of 3rd period - Stopped by Andrew Hammond without a rebound.
2:07 of 3rd period - Radek Faksa wins face-off versus Ryan Getzlaf in BOISE CARIBOUS zone.
2:57 of 3rd period - Off-side.
2:58 of 3rd period - Tomas Plekanec wins face-off versus Kyle Turris in neutral zone.
3:17 of 3rd period - Andrei Svechnikov is hit by Lawson Crouse and loses puck.
3:24 of 3rd period - Shot by Kyle Turris.
3:24 of 3rd period - Shot Misses the Net.
3:26 of 3rd period - Shot by Melker Karlsson.
3:26 of 3rd period - Shot Misses the Net.
3:53 of 3rd period - Icing by Dominik Simon.
3:54 of 3rd period - Jesperi Kotkaniemi wins face-off versus Danton Heinen in SAN FRANCISCO SPIDERS zone.
4:18 of 3rd period - Shot by Jesperi Kotkaniemi.
4:18 of 3rd period - Deflect By Brian Boyle.
4:18 of 3rd period - Shot Misses the Net.
4:20 of 3rd period - Shot by Greg Pateryn.
4:20 of 3rd period - Shot Misses the Net.
4:38 of 3rd period - Icing by Will Butcher.
4:39 of 3rd period - Matt Hendricks wins face-off versus Jesperi Kotkaniemi in BOISE CARIBOUS zone.
4:42 of 3rd period - Shot by Alexander Kerfoot.
4:42 of 3rd period - Shot Misses the Net.
5:16 of 3rd period - Alexander Kerfoot is hit by Jarred Tinordi and loses puck.
5:51 of 3rd period - Icing by Zach Redmond.
5:52 of 3rd period - Tomas Plekanec wins face-off versus Radek Faksa in BOISE CARIBOUS zone.
5:55 of 3rd period - Shot by Andrei Svechnikov.
5:55 of 3rd period - Shot Blocked by Radek Faksa.
5:57 of 3rd period - Shot by Gabriel Bourque.
5:57 of 3rd period - Stopped by Andrew Hammond without a rebound.
5:58 of 3rd period - Kyle Turris wins face-off versus Tomas Plekanec in BOISE CARIBOUS zone.
7:32 of 3rd period - Shot by Ryan Getzlaf.
7:32 of 3rd period - Goal by Ryan Getzlaf - SAN FRANCISCO SPIDERS : 4 - BOISE CARIBOUS : 3.
7:33 of 3rd period - Ryan Getzlaf wins face-off versus Andre Burakovsky in neutral zone.
8:44 of 3rd period - Shot by Darren Helm.
8:44 of 3rd period - Goal by Darren Helm - SAN FRANCISCO SPIDERS : 4 - BOISE CARIBOUS : 4.
8:45 of 3rd period - Mario Kempe wins face-off versus Danton Heinen in neutral zone.
9:29 of 3rd period - Off-side.
9:30 of 3rd period - Ryan Getzlaf wins face-off versus T.J. Tynan in neutral zone.
9:38 of 3rd period - Josh Leivo is hit by Jarred Tinordi and loses puck.
9:59 of 3rd period - Shot by Darren Helm.
9:59 of 3rd period - Stopped by Atte Tolvanen without a rebound.
10:00 of 3rd period - Radek Faksa wins face-off versus Tomas Plekanec in SAN FRANCISCO SPIDERS zone.
10:04 of 3rd period - Thomas Vanek is hit by Tyler Wotherspoon and loses puck.
11:28 of 3rd period - Shot by Ryan Getzlaf.
11:28 of 3rd period - Shot Misses the Net.
11:30 of 3rd period - Shot by Ryan Getzlaf.
11:30 of 3rd period - Stopped by Andrew Hammond without a rebound.
11:31 of 3rd period - Ryan Lohin wins face-off versus Danton Heinen in BOISE CARIBOUS zone.
12:04 of 3rd period - Shot by Danton Heinen.
12:04 of 3rd period - Shot Misses the Net.
12:37 of 3rd period - Calle Jarnkrok is hit by Zach Redmond and loses puck.
13:27 of 3rd period - Radek Faksa is hit by Gabriel Bourque and loses puck.
14:17 of 3rd period - Minor Penalty to Matt Hendricks for Hooking.
14:18 of 3rd period - Ryan Getzlaf wins face-off versus Jesperi Kotkaniemi in SAN FRANCISCO SPIDERS zone.
15:49 of 3rd period - Shot by Brian Boyle.
15:49 of 3rd period - Stopped by Atte Tolvanen without a rebound.
15:50 of 3rd period - Ryan Getzlaf wins face-off versus Kyle Turris in SAN FRANCISCO SPIDERS zone.
16:19 of 3rd period - Shot by Thomas Vanek.
16:19 of 3rd period - Shot Misses the Net.
16:24 of 3rd period - Dominik Simon is hit by Zach Redmond and loses puck.
16:36 of 3rd period - Icing by Brian Boyle.
16:37 of 3rd period - Tomas Plekanec wins face-off versus Jesperi Kotkaniemi in BOISE CARIBOUS zone.
16:38 of 3rd period - Shot by Andrei Svechnikov.
16:38 of 3rd period - Stopped by Andrew Hammond without a rebound.
16:39 of 3rd period - Kyle Turris wins face-off versus Andrei Svechnikov in BOISE CARIBOUS zone.
16:39 of 3rd period - Kyle Turris is hit by Gabriel Bourque.
17:25 of 3rd period - Shot by Radek Faksa.
17:25 of 3rd period - Stopped by Atte Tolvanen with a rebound.
17:48 of 3rd period - Minor Penalty to Seth Helgeson for Hooking.
17:49 of 3rd period - Ryan Getzlaf wins face-off versus Jesperi Kotkaniemi in SAN FRANCISCO SPIDERS zone.
17:58 of 3rd period - Shot by Will Butcher.
17:58 of 3rd period - Shot Misses the Net.
18:35 of 3rd period - Shot by Calle Jarnkrok.
18:35 of 3rd period - Stopped by Andrew Hammond without a rebound.
18:36 of 3rd period - Kyle Turris wins face-off versus Gabriel Bourque in BOISE CARIBOUS zone.
18:49 of 3rd period - Shot by Lawson Crouse.
18:49 of 3rd period - Stopped by Atte Tolvanen with a rebound.
18:51 of 3rd period - Shot by Lawson Crouse.
18:51 of 3rd period - Stopped by Atte Tolvanen without a rebound.
18:52 of 3rd period - Ryan Getzlaf wins face-off versus Kyle Turris in SAN FRANCISCO SPIDERS zone.
19:07 of 3rd period - Shot by Thomas Vanek.
19:07 of 3rd period - Stopped by Atte Tolvanen without a rebound.
19:08 of 3rd period - Ryan Getzlaf wins face-off versus Kyle Turris in SAN FRANCISCO SPIDERS zone.
19:30 of 3rd period - Shot by Kyle Turris.
19:30 of 3rd period - Stopped by Atte Tolvanen without a rebound.
19:31 of 3rd period - Jesperi Kotkaniemi wins face-off versus Gabriel Bourque in SAN FRANCISCO SPIDERS zone.
19:44 of 3rd period - Shot by Jesperi Kotkaniemi.
19:44 of 3rd period - Shot Misses the Net.
19:46 of 3rd period - Shot by Jesperi Kotkaniemi.
19:46 of 3rd period - Stopped by Atte Tolvanen without a rebound.
19:47 of 3rd period - Ryan Getzlaf wins face-off versus Jesperi Kotkaniemi in SAN FRANCISCO SPIDERS zone.
Goals for this period are 1 for SAN FRANCISCO SPIDERS vs 1 for BOISE CARIBOUS.
Shots for this period are 6 for SAN FRANCISCO SPIDERS vs 10 for BOISE CARIBOUS.

Overtime #1


0:01 of 1st overtime period - Calle Jarnkrok wins face-off versus T.J. Tynan in neutral zone.
0:14 of 1st overtime period - Shot by Taylor Leier.
0:14 of 1st overtime period - Stopped by Andrew Hammond without a rebound.
0:15 of 1st overtime period - T.J. Tynan wins face-off versus Calle Jarnkrok in BOISE CARIBOUS zone.
2:35 of 1st overtime period - Shot by Kyle Turris.
2:35 of 1st overtime period - Goal by Kyle Turris - SAN FRANCISCO SPIDERS : 4 - BOISE CARIBOUS : 5.
Goals for this period are 0 for SAN FRANCISCO SPIDERS vs 1 for BOISE CARIBOUS.
Shots for this period are 1 for SAN FRANCISCO SPIDERS vs 1 for BOISE CARIBOUS.


SEBASTIAN
AHO
MARK
SCHEIFELE
JAKE
OETTINGER

EAST COAST

HOCKEY LEAGUE

  • 17.QUE3CHI2
  • 18.CHA2LIM4
  • 19.TRV3LON2
  • 20.CHW1BAL2
  • 21.PITMAN
  • 22.ATLNHW
  • 23.WORPET
  • 24.RHI